 Dungeon Crawl Stone Soup version 0.14-a0-2618-g5301534 (webtiles) character file.

115 Psiweapon the Vexing (level 3, -2/24 HPs)
             Began as a Vampire Enchanter on Feb 15, 2014.
             Slain by a gnoll
             ... wielding a +0,+0 halberd
              (13 damage)
             ... on Level 2 of the Dungeon.
             The game lasted 00:06:33 (1073 turns).

Psiweapon the Vexing (Vampire Enchanter)            Turns: 1073, Time: 00:06:33

HP  -2/24        AC  3     Str  8      XL: 3   Next: 50%
MP   6/6         EV 13     Int 17      God:
Gold 67          SH  0     Dex 14      Spells:  2 memorised,  3 levels left

rFire  . . .     SeeInvis +     j - +2,+0 orc dagger (venom)
rCold  . . .     Clarity  .     b - +1 robe
rNeg   . . .     Conserve .     (no shield)
rPois  .         rCorr    .     (no helmet)
rElec  .         rRot     .     (no cloak)
SustAb . .       Spirit   .     (no gloves)
rMut   .         Warding  .     (no boots)
Saprov . . .     Stasis   .     (no amulet)
MR     .....                    (no ring)
                                (no ring)

@: regenerating quickly, not resistant to hostile enchantments, stealthy
A: fangs 3, see invisible, unbreathing
a: no special abilities


You were on level 2 of the Dungeon.
You were full.

You visited 1 branch of the dungeon, and saw 2 of its levels.

You collected 67 gold pieces.

Inventory:

Hand weapons
 a - a +1,+1 dagger
 h - a +1,+0 dwarven short sword
 j - a +2,+0 orcish dagger of venom (weapon)
 o - a +0,+0 short sword
Missiles
 d - 11 darts (quivered)
Armour
 b - a +1 robe (worn)
Scrolls
 f - 3 scrolls of teleportation {unknown}
 i - 2 scrolls of blinking {unknown}
 k - a scroll of identify {unknown}
 n - a scroll of immolation {unknown}
Potions
 e - a potion of blood
 g - a potion of curing {unknown}
 l - a potion of heal wounds {unknown}
 m - a potion of restore abilities {unknown}
Books
 c - a book of Maledictions

   Spells                             Type                      Level
   *Corona                            Hexes                        1
   Sure Blade                         Hexes/Charms                 2
   *Ensorcelled Hibernation           Hexes/Ice                    2
   Confuse                            Hexes                        3
   Enslavement                        Hexes                        4
   Invisibility                       Hexes                        6


   Skills:
 + Level 1.8 Short Blades
 - Level 1.0 Throwing
 + Level 3.0 Dodging
 + Level 3.8 Stealth
 - Level 2.0 Spellcasting
 + Level 4.9 Hexes


You had 3 spell levels left.
You knew the following spells:

 Your Spells              Type           Power        Failure   Level  Hunger
a - Corona                Hex            ###....      2%          1    #......
b - Ensorcelled Hibernat  Hex/Ice        ##....       14%         2    ###....


Dungeon Overview and Level Annotations

Branches:
Dungeon (2/16)

Altars:


Innate Abilities, Weirdness & Mutations

Your natural rate of healing is unusually fast.
You have razor-sharp teeth.*
You have supernaturally acute eyesight.
You can survive without breathing.*


Message History

There is an open door here.
You open the door.
A goblin comes into view. It is wielding a dwarven dagger.
There is an open door here.
The helpless goblin fails to defend itself.
You slash the goblin!
You kill the goblin!
The gnoll barely misses you.
You open the door. The gnoll closely misses you.
There is an open door here.
The gnoll barely misses you. The gnoll misses you.
You hit the gnoll but do no damage.
The gnoll is poisoned.
The gnoll is almost dead.
The gnoll completely misses you. The gnoll closely misses you.
You open the door.
The gnoll hits you from afar with a halberd!
Ouch! That really hurt!
You die...

#......)#.g.#####.#
#.......###.....#g#
#.......# #.###.#.#
####'#### #...#....
##.# ########'
##..# ####. #g.##
#.... #.## #.###
#@# ###'### #'#
#...... ... #......
#..>. #......
#..... #......
+..)..# #....(.
#.....# +......
#.>...# #.<(... #+#
##+####


You could see a gnoll.

Vanquished Creatures
  2 gnolls (D:2)
  An ooze (D:1)
  A giant gecko (D:1)
  5 bats (D:1)
  5 goblins
  A hobgoblin (D:1)
  6 kobolds
  A ball python (D:2)
  3 giant newts
  2 rats (D:1)
27 creatures vanquished.

Notes
Turn   | Place    | Note
--------------------------------------------------------------
     0 | D:1      | Psiweapon, the Vampire Enchanter, began the quest for the Orb.
     0 | D:1      | Reached XP level 1. HP: 13/13 MP: 3/3
    59 | D:1      | Reached skill level 1 in Throwing
   181 | D:1      | Reached XP level 2. HP: 19/19 MP: 4/4
   231 | D:1      | Learned a level 2 spell: Ensorcelled Hibernation
   906 | D:2      | Reached XP level 3. HP: 24/24 MP: 6/6
  1073 | D:2      | Slain by a gnoll

Action                   || total
-------------------------++-------
Melee: Dagger            ||    69
Throw: Dart              ||     3
 Cast: Ensorcelled Hiber ||     4
       Corona            ||     1
 Stab: Sleeping          ||    12
